 Dungeon Crawl Stone Soup version 0.23.2-40-g277498a001 (webtiles) character file.

Game seed: 6018554638482137149

79 MalarOregon the Poker (level 4, -1/35 HPs)
             Began as a Merfolk Skald on Aug 23, 2019.
             Killed by nerve-wracking pain
             ... invoked by an orc priest
              (10 damage)
             ... on level 2 of the Dungeon.
             The game lasted 00:02:30 (969 turns).

MalarOregon the Poker (Merfolk Skald)                Turns: 969, Time: 00:02:30

Health: -1/35      AC:  6    Str:  9 (11) XL:     4   Next: 37%
Magic:  7/7        EV: 13    Int: 10 (13) God:
Gold:   25         SH:  0    Dex: 11 (13) Spells: 6/7 levels left

rFire    . . .     SeeInvis .   a - +0 spear
rCold    . . .     Gourm    .   (no shield)
rNeg     . . .     Faith    .   b - +0 leather armour
rPois    .         Spirit   .   (no helmet)
rElec    .         Reflect  .   o - +0 cloak
rCorr    .         Harm     .   (no gloves)
MR       .....                  m - +1 pair of boots
Stlth    +.........             (no amulet)
HPRegen  0.51/turn              (no ring)
MPRegen  0.10/turn              (no ring)

@: no status effects
A: change form in water, swift swim, stealthy swim, mutation resistance 1,
regeneration 1
a: no special abilities


You were on level 2 of the Dungeon.
You were not hungry.

You visited 1 branch of the dungeon, and saw 2 of its levels.

You collected 25 gold pieces.

Inventory:

Hand Weapons
 a - a +0 spear (weapon)
Armour
 b - a +0 leather armour (worn)
 m - a +1 pair of boots (worn)
   (You found it on level 1 of the Dungeon)
 o - a +0 cloak (worn)
   (You found it on level 2 of the Dungeon)
Scrolls
 f - 2 scrolls of fear {unknown}
 g - a scroll of noise {unknown}
 h - a scroll of enchant weapon {unknown}
 k - 2 scrolls of teleportation {unknown}
 n - 2 scrolls of identify {unknown}
 p - a scroll of random uselessness {unknown}
 r - a scroll of remove curse {unknown}
Potions
 i - a potion of degeneration {!q}
 j - a potion of heal wounds {unknown}
 q - a potion of flight {unknown}
Comestibles
 c - 4 chunks of flesh
 e - 4 rations {!d}


   Skills:
 * Level 3.2 Fighting
 * Level 4.2 Polearms
 + Level 1.1 Armour
 * Level 3.9 Dodging
 - Level 2.0 Spellcasting
 - Level 3.2 Charms


You had 6 spell levels left.
You knew the following spells:

 Your Spells              Type           Power        Failure   Level  Hunger
a - Infusion              Chrm           #...         11%         1    ##.....

Your spell library contained the following spells:

 Spells                   Type           Power        Failure   Level  Hunger
 Song of Slaying          Chrm           #.......     17%         2    ###....
 Shroud of Golubria       Chrm/Tloc      #.........   32%         2    ###....
 Regeneration             Chrm/Necr      #.........   54%         3    ####...
 Spectral Weapon          Hex/Chrm       #.......     54%         3    ####...


Dungeon Overview and Level Annotations

Branches:
Dungeon (2/15)

Altars:


Innate Abilities, Weirdness & Mutations

You revert to your normal form in water You are very nimble and swift while swimming.
You are very stealthy in the water. (Stealth+)
You are somewhat resistant to further mutation.
Your natural rate of healing is unusually fast.


Message History

The weapon returns to the orc!
Attack whom?
Aim: a bat You reach to attack!
You hit the bat. The bat hits you but does no damage.
The orc throws a tomahawk of returning.
The tomahawk of returning hits you.
Attack whom?
Aim: a bat (moderately wounded)
You reach to attack!
You closely miss the bat. The bat closely misses you.
You closely miss the bat. The bat hits you but does no damage.
You hit the bat.
You kill the bat!
The orc priest hits you with a +0 flail!
You barely miss the orc priest. The orc priest misses you.
You hit the orc priest. The orc priest barely misses you.
You barely miss the orc priest. You closely miss the orc priest.
The orc priest closely misses you.
You hit the orc priest. The orc hits you but does no damage.
The orc priest completely misses you.
You hit the orc priest. The orc barely misses you.
The orc priest hits you but does no damage.
You closely miss the orc priest. The orc closely misses you.
You hit the orc priest.
The orc priest mumbles some strange prayers to Beogh against you.
Beogh smites you!
* * * LOW HITPOINT WARNING * * *
The orc hits you.
* * * LOW HITPOINT WARNING * * *
You are too injured to fight recklessly!
You are too injured to fight recklessly!
You are too injured to fight recklessly!
You are too injured to fight recklessly!
Unknown command.
You barely miss the orc priest.
The orc priest mumbles some strange prayers to Beogh against you.
Pain shoots through your body!
* * * LOW HITPOINT WARNING * * *
The orc misses you.
You barely miss the orc priest. The orc priest barely misses you.
The orc hits you but does no damage.
Unknown command.
You barely miss the orc priest. The orc priest closely misses you.
The orc barely misses you.
You barely miss the orc priest. The orc closely misses you.
The orc priest hits you but does no damage.
You hit the orc priest. You barely miss the orc priest. The orc hits you.
* * * LOW HITPOINT WARNING * * *
The orc priest mumbles some strange prayers to Beogh against you.
Pain shoots through your body!
You die...

#.# #.# #.# #.#.# #.#
#.#.# #.# #.#.# #.#
#.#.#
#[############.#.#
#................######
##############..o.....#
#.@o...... #†........
#......... #.........
#......... #.........
#......... #.........


You could see an orc priest and an orc.

Vanquished Creatures
  An orc priest (D:2)
  An adder (D:2)
  4 dart slugs
  2 leopard geckos (D:2)
  2 orcs (D:2)
  A giant cockroach (D:1)
  3 goblins
  2 hobgoblins (D:1)
  A ball python (D:1)
  5 bats
  2 frilled lizards (D:1)
  5 kobolds
  2 rats (D:1)
31 creatures vanquished.

Notes
Turn   | Place    | Note
-------+----------+-------------------------------------------
     0 | D:1      | MalarOregon the Merfolk Skald began the quest for the Orb.
     0 | D:1      | Reached XP level 1. HP: 16/16 MP: 3/3
   146 | D:1      | Reached XP level 2. HP: 23/23 MP: 5/5
   409 | D:1      | Reached XP level 3. HP: 25/28 MP: 6/6
   650 | D:2      | Reached skill level 1 in Armour
   839 | D:2      | Gained mutation: Your natural rate of healing is unusually
                  | fast. [potion of mutation]
   839 | D:2      | Gained mutation: You are somewhat resistant to further
                  | mutation. [potion of mutation]
   877 | D:2      | Reached skill level 4 in Polearms
   877 | D:2      | Reached XP level 4. HP: 22/35 MP: 7/7
   969 | D:2      | Killed from afar by an orc priest

Skill      XL: |  1  2  3 |
---------------+----------+-----
Dodging        | 3 |  3.9
Armour         | 1 |  1.1
Fighting       | 3 |  3.2
Polearms       | 4 |  4.2
Spellcasting   | |  2.0
Charms         | |  3.2

Action                   |  1- 3 |  4- 6 || total
-------------------------+-------+-------++-------
Melee: Spear             |   135 |    26 ||   161
  Use: Potion            |     4 |       ||     4
 Stab: Distracted        |     1 |       ||     1
       Sleeping          |     1 |       ||     1
       Invisible         |     1 |       ||     1
Armor: Leather armour    |    19 |     6 ||    25
       Skin              |     8 |     4 ||    12
Dodge: Dodged            |    48 |    16 ||    64
